ITL
HAVANA ROLLERS @ WISCONSIN TIMBER RATTLERS
09/01/2026
 
TOP OF THE 1ST
Havana Rollers batting - Pitching for Wisconsin Timber Rattlers : RHP Ramón Rodríguez
Pitching: RHP Ramón Rodríguez
Batting: LHB Jimmy Husted 0-0: Ball
1-0: Swinging Strike
1-1: Swinging Strike
1-2: Ball
2-2: Ground out U3 (Groundball, 3L)
Batting: RHB Francisco Rincón 0-0: Ball
1-0: Called Strike
1-1: Ball
2-1: Foul Ball, location: 2F
2-2: Ground out 1-3 (Groundball, 15)
Batting: LHB Enrique Cortéz 0-0: SINGLE (Line Drive, 78S)
Batting: LHB Wilson Allen 0-0: SINGLE (Groundball, 34D)
Enrique Cortéz to second
Runner from 2nd tries for 3rd, SAFE, throw made to third
Batting: SHB Pepe Pińa 0-0: Called Strike
0-1: Called Strike
0-2: Strikes out looking
Top of the 1st over - 0 run(s), 2 hit(s), 0 error(s), 2 left on base; Havana 0 - Wisconsin 0
BOTTOM OF THE 1ST
Wisconsin Timber Rattlers batting - Pitching for Havana Rollers : RHP Derek Simpson
Pitching: RHP Derek Simpson
Batting: RHB Greg King 0-0: Ball
1-0: Ball
2-0: Called Strike
2-1: Ground out 6-3 (Groundball, 6M)
Batting: RHB William Farmer 0-0: Foul Ball, location: 2F
0-1: Swinging Strike
0-2: Ball
1-2: Foul Ball, location: 2F
1-2: Foul Ball, location: 2F
1-2: Foul Ball, location: 2F
1-2: Foul Ball, location: 2F
1-2: Foul Ball, location: 2F
1-2: Foul Ball, location: 2F
1-2: Foul Ball, location: 2F
1-2: Ball
2-2: Strikes out swinging
Batting: SHB Ricardo Arévalo 0-0: Ball
1-0: Ball
2-0: Ball
3-0: Called Strike
3-1: Fly out, F4 (Line Drive, 4)
Bottom of the 1st over - 0 run(s), 0 hit(s), 0 error(s), 0 left on base; Havana 0 - Wisconsin 0
TOP OF THE 2ND
Havana Rollers batting - Pitching for Wisconsin Timber Rattlers : RHP Ramón Rodríguez
Batting: RHB Salvador Borbón 0-0: Ball
1-0: Ball
2-0: Called Strike
2-1: Fly out, F9 (Flyball, 89S)
Batting: RHB Paul Bailey 0-0: Fly out, F8 (Line Drive, 8RD)
Batting: LHB Gyu-sik Yi 0-0: Ball
1-0: Called Strike
1-1: Ball
2-1: Ground out U3 (Groundball, 3)
Top of the 2nd over - 0 run(s), 0 hit(s), 0 error(s), 0 left on base; Havana 0 - Wisconsin 0
BOTTOM OF THE 2ND
Wisconsin Timber Rattlers batting - Pitching for Havana Rollers : RHP Derek Simpson
Batting: LHB Avery Hopkins 0-0: Fly out, F5 (Popup, 5S)
Batting: SHB Bob Warren 0-0: Called Strike
0-1: Called Strike
0-2: Ground out 4-3 (Groundball, 4)
Batting: RHB Murdoch Norton 0-0: Called Strike
0-1: Called Strike
0-2: Strikes out swinging
Bottom of the 2nd over - 0 run(s), 0 hit(s), 0 error(s), 0 left on base; Havana 0 - Wisconsin 0
TOP OF THE 3RD
Havana Rollers batting - Pitching for Wisconsin Timber Rattlers : RHP Ramón Rodríguez
Batting: LHB José Torres 0-0: Ball
1-0: SINGLE (Groundball, 4MD)
Batting: LHB Jimmy Husted 0-0: Ball
1-0: Foul Ball, location: 2F
1-1: Foul Ball, location: 2F
1-2: Grounds into double play, 4-6-3 (Groundball, 4)
Batting: RHB Francisco Rincón 0-0: Ball
1-0: Foul Ball, location: 2F
1-1: Swinging Strike
1-2: Ball
2-2: Foul Ball, location: 2F
2-2: SOLO HOME RUN (Flyball, 7D), Distance : 383 ft
Batting: LHB Enrique Cortéz 0-0: Ball
1-0: Called Strike
1-1: SINGLE (Groundball, 34D)
Batting: LHB Wilson Allen 0-0: Fly out, F7 (Flyball, 7M)
Top of the 3rd over - 1 run(s), 3 hit(s), 0 error(s), 1 left on base; Havana 1 - Wisconsin 0
BOTTOM OF THE 3RD
Wisconsin Timber Rattlers batting - Pitching for Havana Rollers : RHP Derek Simpson
Batting: RHB Pablo Gonzáles 0-0: Called Strike
0-1: Ball
1-1: Swinging Strike
1-2: Ball
2-2: Ground out U3 (Groundball, 3)
Batting: LHB José Santos 0-0: Called Strike
0-1: Fly out, F7 (Popup, 56D)
Batting: RHB Danny Campbell 0-0: Ball
1-0: Ball
2-0: Ball
3-0: Called Strike
3-1: Foul Ball, location: 2F
3-2: SOLO HOME RUN (Flyball, 78XD), Distance : 405 ft
Batting: RHB Greg King 0-0: Ball
1-0: Called Strike
1-1: Fly out, F8 (Flyball, 8LM)
Bottom of the 3rd over - 1 run(s), 1 hit(s), 0 error(s), 0 left on base; Havana 1 - Wisconsin 1
TOP OF THE 4TH
Havana Rollers batting - Pitching for Wisconsin Timber Rattlers : RHP Ramón Rodríguez
Batting: SHB Pepe Pińa 0-0: Ball
1-0: Fly out, F6 (Line Drive, 6)
Batting: RHB Salvador Borbón 0-0: Ground out 6-3 (Groundball, 6)
Batting: RHB Paul Bailey 0-0: Ball
1-0: Called Strike
1-1: SINGLE (Groundball, 56)
Batting: LHB Gyu-sik Yi 0-0: SINGLE (Line Drive, 4MD)
Paul Bailey to second
Batting: LHB José Torres 0-0: Called Strike
0-1: Called Strike
0-2: Ball
1-2: Ball
2-2: Foul Ball, location: 2F
2-2: Ball
3-2: Ground out U3 (Groundball, 3)
Top of the 4th over - 0 run(s), 2 hit(s), 0 error(s), 2 left on base; Havana 1 - Wisconsin 1
BOTTOM OF THE 4TH
Wisconsin Timber Rattlers batting - Pitching for Havana Rollers : RHP Derek Simpson
Batting: RHB William Farmer 0-0: Ball
1-0: Foul Ball, location: 2F
1-1: Swinging Strike
1-2: Strikes out swinging
Batting: SHB Ricardo Arévalo 0-0: Fly out, F7 (Flyball, 7LD)
Batting: LHB Avery Hopkins 0-0: Foul Ball, location: 2F
0-1: Fly out, F7 (Line Drive, 78D)
Bottom of the 4th over - 0 run(s), 0 hit(s), 0 error(s), 0 left on base; Havana 1 - Wisconsin 1
TOP OF THE 5TH
Havana Rollers batting - Pitching for Wisconsin Timber Rattlers : RHP Ramón Rodríguez
Batting: LHB Jimmy Husted 0-0: Ball
1-0: Ball
2-0: Called Strike
2-1: TRIPLE (Flyball, 89XD)
Batting: RHB Francisco Rincón 0-0: Called Strike
0-1: Foul Ball, location: 2F
0-2: Ball
1-2: Foul Ball, location: 2F
1-2: Strikes out looking
Batting: LHB Enrique Cortéz 0-0: Ball
1-0: Swinging Strike
1-1: Ball
2-1: Swinging Strike
2-2: Foul Ball, location: 2F
2-2: DOUBLE (Flyball, 89XD)
Jimmy Husted scores
Batting: LHB Wilson Allen 0-0: Foul Ball, location: 2F
0-1: Fly out, F8 (Flyball, 8RD)
Runner from 2nd tags up, SAFE at 3rd, no throw
Batting: SHB Pepe Pińa 0-0: Ball
1-0: Foul Ball, location: 2F
1-1: Foul Ball, location: 2F
1-2: Ball
2-2: Fly out, F4 (Popup, 34)
Top of the 5th over - 1 run(s), 2 hit(s), 0 error(s), 1 left on base; Havana 2 - Wisconsin 1
BOTTOM OF THE 5TH
Wisconsin Timber Rattlers batting - Pitching for Havana Rollers : RHP Derek Simpson
Batting: SHB Bob Warren 0-0: DOUBLE (Line Drive, 78S)
Batting: RHB Murdoch Norton 0-0: Ball
1-0: Ball
2-0: Called Strike
2-1: Ball
3-1: Base on Balls
Batting: RHB Pablo Gonzáles 0-0: Ball
1-0: SINGLE (Groundball, 56D)
Bob Warren to third
Murdoch Norton to second
Batting: LHB José Santos 0-0: Ball
1-0: Foul Ball, location: 2F
1-1: Called Strike
1-2: Ball
2-2: Ball
3-2: Foul Ball, location: 2F
3-2: Fly out, F5 (Popup, 5SF)
Batting: RHB Danny Campbell 0-0: Called Strike
0-1: Ball
1-1: Grounds into double play, 6-4-3 (Groundball, 6)
Bottom of the 5th over - 0 run(s), 2 hit(s), 0 error(s), 2 left on base; Havana 2 - Wisconsin 1
TOP OF THE 6TH
Havana Rollers batting - Pitching for Wisconsin Timber Rattlers : RHP Ramón Rodríguez
Batting: RHB Salvador Borbón 0-0: Called Strike
0-1: Ball
1-1: Called Strike
1-2: Foul Ball, location: 2F
1-2: Strikes out swinging, 2-3 out at first.
Batting: RHB Paul Bailey 0-0: Called Strike
0-1: Ball
1-1: Fly out, F9 (Flyball, 9D)
Batting: LHB Gyu-sik Yi 0-0: Ball
1-0: Fly out, F4 (Line Drive, 4S)
Top of the 6th over - 0 run(s), 0 hit(s), 0 error(s), 0 left on base; Havana 2 - Wisconsin 1
BOTTOM OF THE 6TH
Wisconsin Timber Rattlers batting - Pitching for Havana Rollers : RHP Derek Simpson
Batting: RHB Greg King 0-0: Ground out 1-3 (Groundball, 15S)
Batting: RHB William Farmer 0-0: Ball
1-0: Called Strike
1-1: Ball
2-1: Swinging Strike
2-2: Ball
3-2: Foul Ball, location: 2F
3-2: Strikes out swinging
Batting: SHB Ricardo Arévalo 0-0: Ball
1-0: Called Strike
1-1: Foul Ball, location: 2F
1-2: Fly out, F5 (Popup, 5F)
Bottom of the 6th over - 0 run(s), 0 hit(s), 0 error(s), 0 left on base; Havana 2 - Wisconsin 1
TOP OF THE 7TH
Havana Rollers batting - Pitching for Wisconsin Timber Rattlers : RHP Ramón Rodríguez
Batting: LHB José Torres 0-0: Ground out 1-3 (Groundball, 13S)
Batting: LHB Jimmy Husted 0-0: Called Strike
0-1: Ball
1-1: Foul Ball, location: 2F
1-2: Foul Ball, location: 2F
1-2: DOUBLE (Line Drive, 78D)
Pinch Hitting: RHB Jack Bailey 0-0: Ball
1-0: Ball
2-0: SINGLE (Line Drive, 7LM)
Jimmy Husted to third
Runner from 3rd tries for Home, SAFE, no throw or cutoff
Batting: LHB Enrique Cortéz 0-0: Called Strike
0-1: Fielders Choice at 2nd, 2-6 (Groundball, 2R)
Batting: LHB Wilson Allen 0-0: Called Strike
0-1: Ball
1-1: SINGLE (Groundball, 6M)
Enrique Cortéz to second
Runner from 2nd tries for 3rd, SAFE, no throw or cutoff
Pitching: RHP Mike Brown
Batting: SHB Pepe Pińa 0-0: Swinging Strike
0-1: Swinging Strike
0-2: Ball
1-2: Ball
2-2: Strikes out swinging
Top of the 7th over - 1 run(s), 3 hit(s), 0 error(s), 2 left on base; Havana 3 - Wisconsin 1
BOTTOM OF THE 7TH
Wisconsin Timber Rattlers batting - Pitching for Havana Rollers : RHP Derek Simpson
Now at 3B: Raynard Brenner
Batting: LHB Avery Hopkins 0-0: Foul Ball, location: 2F
0-1: Ball
1-1: Foul Ball, location: 2F
1-2: Ball
2-2: Foul Ball, location: 2F
2-2: Ground out 1-3 (Groundball, 25)
Batting: SHB Bob Warren 0-0: Called Strike
0-1: Ground out 3-1 (Groundball, 34)
Batting: RHB Murdoch Norton 0-0: Called Strike
0-1: Ball
1-1: Ball
2-1: Ball
3-1: Base on Balls
Batting: RHB Pablo Gonzáles 0-0: Called Strike
0-1: Ground out U3 (Groundball, 3)
Bottom of the 7th over - 0 run(s), 0 hit(s), 0 error(s), 1 left on base; Havana 3 - Wisconsin 1
TOP OF THE 8TH
Havana Rollers batting - Pitching for Wisconsin Timber Rattlers : RHP Mike Brown
Batting: RHB Salvador Borbón 0-0: Hit by Pitch
Batting: RHB Paul Bailey 0-0: Called Strike
0-1: Ball
1-1: Sac Bunt - play at first, batter OUT! 1-4
Salvador Borbón to second
Batting: LHB Gyu-sik Yi 0-0: Ball
1-0: Ball
2-0: Ball
3-0: Called Strike
3-1: Base on Balls
Pinch Hitting: LHB Zhi-huan Loong 0-0: Ball
1-0: Ball
2-0: Foul Ball, location: 2F
2-1: Grounds into double play, 4-6-3 (Groundball, 4)
Top of the 8th over - 0 run(s), 0 hit(s), 0 error(s), 1 left on base; Havana 3 - Wisconsin 1
BOTTOM OF THE 8TH
Wisconsin Timber Rattlers batting - Pitching for Havana Rollers : RHP Derek Simpson
Now in CF: Dani Gómez
Batting: LHB José Santos 0-0: Ball
1-0: Ball
2-0: Called Strike
2-1: Swinging Strike
2-2: Strikes out looking
Pitching: RHP Alejandro Pérez
Batting: RHB Danny Campbell 0-0: SINGLE (Flyball, 89S)
Batting: RHB Greg King 0-0: Ball
1-0: Called Strike
1-1: Foul Ball, location: 2F
1-2: Strikes out swinging
Batting: RHB William Farmer 0-0: Ball
1-0: Ball
2-0: Called Strike
2-1: Swinging Strike
2-2: Strikes out swinging
Bottom of the 8th over - 0 run(s), 1 hit(s), 0 error(s), 1 left on base; Havana 3 - Wisconsin 1
TOP OF THE 9TH
Havana Rollers batting - Pitching for Wisconsin Timber Rattlers : RHP Mike Brown
Batting: LHB Jimmy Husted 0-0: Foul Ball, location: 2F
0-1: Foul Ball, location: 2F
0-2: Foul Ball, location: 2F
0-2: Ball
1-2: Ball
2-2: SINGLE (Groundball, 3S)
Batting: LHB Raynard Brenner 0-0: Ball
1-0: Called Strike
1-1: Swinging Strike
1-2: Strikes out looking
Batting: LHB Enrique Cortéz 0-0: SINGLE (Groundball, 15) (infield hit)
Jimmy Husted to second
Pitching: LHP Sergio Vargas
Pinch Hitting: RHB Carlos MacKinney 0-0: Fly out, F7 (Line Drive, 7D)
Runner from 2nd tags up, SAFE at 3rd, no throw
Pinch Hitting: RHB Chad Case 0-0: Called Strike
0-1: Called Strike
0-2: Foul Ball, location: 2F
0-2: Strikes out looking
Top of the 9th over - 0 run(s), 2 hit(s), 0 error(s), 2 left on base; Havana 3 - Wisconsin 1
BOTTOM OF THE 9TH
Wisconsin Timber Rattlers batting - Pitching for Havana Rollers : RHP Alejandro Pérez
Pitching: RHP Augusto Muńíz
Now at C: Carlos MacKinney
Now in LF: José Flores
Batting: SHB Ricardo Arévalo 0-0: Ball
1-0: Foul Ball, location: 2F
1-1: Ball
2-1: Ball
3-1: Called Strike
3-2: Base on Balls
Batting: LHB Avery Hopkins 0-0: SINGLE (Groundball, 56D)
Ricardo Arévalo to second
Batting: SHB Bob Warren 0-0: Fly out, F8 (Line Drive, 8RS)
Pinch Hitting: LHB George Smith 0-0: Called Strike
0-1: Ball
1-1: Ball
2-1: Foul Ball, location: 2F
2-2: Ball
3-2: Ground out U3 (Groundball, 3S)
Ricardo Arévalo to third
Avery Hopkins to second
Batting: RHB Pablo Gonzáles 0-0: Foul Ball, location: 2F
0-1: Ball
1-1: Foul Ball, location: 2F
1-2: Ball
2-2: Ground out 4-3 (Groundball, 4)
Bottom of the 9th over - 0 run(s), 1 hit(s), 0 error(s), 2 left on base; Havana 3 - Wisconsin 1
Monday, December 5th, 2016 - OOTP Baseball 17.12 Build 75